PBL
COLORADO AVALANCHE @ KELOWNA HEAT
09/17/2045
 
TOP OF THE 1ST
Colorado Avalanche batting - Pitching for Kelowna Heat : RHP Wally Dethridge
Pitching: RHP Wally Dethridge
Batting: SHB Jamie Mims 0-0: Called Strike
0-1: Foul Ball, location: 2F
0-2: Ground out 4-3 (Groundball, 34D, EV 100.6 MPH)
Batting: LHB Luke Coulter 0-0: SINGLE (Flyball, 8LS, EV 93.1 MPH)
Batting: RHB Ray Insley 0-0: Ball
Luke Coulter steals 2nd base
1-0: Ball
2-0: Ball
3-0: Called Strike
3-1: Foul Ball, location: 2F
3-2: Foul Ball, location: 2F
3-2: SINGLE (Groundball, 6, EV 98.1 MPH)
Luke Coulter to third
Runner from 3rd tries for Home, SAFE, throw by CF to home
Batting: LHB Michael Krott 0-0: Ball
1-0: Called Strike
Ray Insley steals 2nd base
1-1: 2-RUN HOME RUN (Flyball, 9D, EV 93.1 MPH), Distance : 370 ft
Batting: RHB John Corfield 0-0: Ball
1-0: Ball
2-0: Called Strike
2-1: SINGLE (Groundball, 56D, EV 95.6 MPH)
Batting: LHB Paul McClintock 0-0: Ball
1-0: Fly out, F4 (Popup, 4D, EV 55.0 MPH)
Batting: RHB Mike McElroy 0-0: Called Strike
0-1: Foul Ball, location: 2F
0-2: Ball
1-2: Ball
2-2: Strikes out swinging
Top of the 1st over - 3 runs, 4 hits, 0 errors, 1 left on base; Colorado 3 - Kelowna 0
BOTTOM OF THE 1ST
Kelowna Heat batting - Pitching for Colorado Avalanche : RHP Lorenzo Pacheco
Pitching: RHP Lorenzo Pacheco
Batting: LHB Mason Duffy 0-0: SINGLE (Groundball, 34D, EV 111.2 MPH) (infield hit)
Batting: RHB Malik Sharpless 0-0: Ball
1-0: Called Strike
1-1: Ball
2-1: Swinging Strike
2-2: Fielders Choice at 2nd, 5-4 (Groundball, 5D, EV 86.2 MPH)
Batting: RHB Troy Trice 0-0: Ball
1-0: Ball
2-0: Called Strike
Malik Sharpless is caught stealing 2nd base 2-4
2-1: Called Strike
2-2: Foul Ball, location: 2F
2-2: Strikes out swinging
Bottom of the 1st over - 0 runs, 1 hit, 0 errors, 0 left on base; Colorado 3 - Kelowna 0
TOP OF THE 2ND
Colorado Avalanche batting - Pitching for Kelowna Heat : RHP Wally Dethridge
Batting: RHB Bob Hayes 0-0: Foul Ball, location: 2F
0-1: Fly out, F7 (Flyball, 7, EV 79.4 MPH)
Batting: RHB Manny Thompson 0-0: Ball
1-0: Fly out, F8 (Flyball, 8RXD, EV 95.6 MPH)
Batting: SHB Jamie Mims 0-0: Ball
1-0: Called Strike
1-1: TRIPLE (Line Drive, 89XD, EV 111.2 MPH)
Batting: LHB Luke Coulter 0-0: Called Strike
0-1: Ground out 4-3 (Groundball, 4, EV 79.4 MPH)
Top of the 2nd over - 0 runs, 1 hit, 0 errors, 1 left on base; Colorado 3 - Kelowna 0
BOTTOM OF THE 2ND
Kelowna Heat batting - Pitching for Colorado Avalanche : RHP Lorenzo Pacheco
Batting: RHB Coen Dirks 0-0: Called Strike
0-1: SINGLE (Groundball, 6MD, EV 98.8 MPH)
Batting: RHB Billy Pranger Pickoff Throw to First - Error! E1
Coen Dirks to second
0-0: Ball
1-0: Fly out, F9 (Flyball, 9LS, EV 87.5 MPH)
Batting: RHB Harry Dickson 0-0: Ball
1-0: Called Strike
1-1: Reached on error, E7 (Flyball, 7LM, EV 81.2 MPH)
Coen Dirks to third
Batting: RHB Zach Maguire 0-0: Swinging Strike
0-1: Ball
1-1: Ball
2-1: SINGLE (Groundball, 6MD, EV 103.8 MPH)
Coen Dirks scores
Harry Dickson to second
Batting: RHB Josh Truell 0-0: Foul Ball, location: 2F
0-1: Ball
1-1: Called Strike
1-2: Strikes out swinging
Batting: LHB Steve Nevis 0-0: Foul Ball, location: 2F
0-1: Ball
1-1: Ball
2-1: Ball
3-1: Foul Ball, location: 2F
3-2: Base on Balls
Harry Dickson to third
Zach Maguire to second
Batting: LHB Mason Duffy 0-0: Fielders Choice at 2nd, 6-4 (Groundball, 6, EV 95.6 MPH)
Bottom of the 2nd over - 1 run, 2 hits, 2 errors, 3 left on base; Colorado 3 - Kelowna 1
TOP OF THE 3RD
Colorado Avalanche batting - Pitching for Kelowna Heat : RHP Wally Dethridge
Batting: RHB Ray Insley 0-0: Ball
1-0: Foul Ball, location: 2F
1-1: Foul Ball, location: 2F
1-2: Foul Ball, location: 2F
1-2: Ball
2-2: Fly out, F8 (Flyball, 8RD, EV 73.8 MPH)
Batting: LHB Michael Krott 0-0: Ball
1-0: Foul Ball, location: 2F
1-1: Ball
2-1: Foul Ball, location: 2F
2-2: Fly out, F5 (Line Drive, 56, EV 98.8 MPH)
Batting: RHB John Corfield 0-0: Ball
1-0: Called Strike
1-1: Foul Ball, location: 2F
1-2: Ball
2-2: Ball
3-2: Foul Ball, location: 2F
3-2: Strikes out swinging
Top of the 3rd over - 0 runs, 0 hits, 0 errors, 0 left on base; Colorado 3 - Kelowna 1
BOTTOM OF THE 3RD
Kelowna Heat batting - Pitching for Colorado Avalanche : RHP Lorenzo Pacheco
Batting: RHB Malik Sharpless 0-0: Called Strike
0-1: Foul Ball, location: 2F
0-2: Ball
1-2: Ball
2-2: Ball
3-2: Foul Ball, location: 2F
3-2: Ground out 4-3 (Groundball, 4, EV 88.8 MPH)
Batting: RHB Troy Trice 0-0: Called Strike
0-1: Swinging Strike
0-2: Foul Ball, location: 2F
0-2: Ball
1-2: Ball
2-2: Ball
3-2: Base on Balls
Batting: RHB Coen Dirks 0-0: Ball
Troy Trice steals 2nd base
1-0: Swinging Strike
1-1: Foul Ball, location: 2F
1-2: Ball
2-2: Strikes out swinging
Batting: RHB Billy Pranger 0-0: Foul Ball, location: 2F
0-1: Called Strike
0-2: Ball
1-2: Foul Ball, location: 2F
1-2: Fly out, F7 (Flyball, 78D, EV 103.1 MPH)
Bottom of the 3rd over - 0 runs, 0 hits, 0 errors, 1 left on base; Colorado 3 - Kelowna 1
TOP OF THE 4TH
Colorado Avalanche batting - Pitching for Kelowna Heat : RHP Wally Dethridge
Batting: LHB Paul McClintock 0-0: DOUBLE (Line Drive, 9D, EV 101.2 MPH)
Batting: RHB Mike McElroy 0-0: Ball
Wild Pitch!
Paul McClintock to third
1-0: Ball
2-0: Ball
3-0: Called Strike
3-1: Base on Balls
Batting: RHB Bob Hayes 0-0: Ball
1-0: Ball
2-0: Ball
3-0: Base on Balls
Mike McElroy to second
Batting: RHB Manny Thompson 0-0: Ball
1-0: SINGLE (Line Drive, 78S, EV 103.1 MPH)
Paul McClintock scores
Mike McElroy to third
Bob Hayes to second
Throwing error, E7
Mike McElroy scores
Bob Hayes to third
Manny Thompson to second
Batting: SHB Jamie Mims 0-0: Ball
1-0: Called Strike
1-1: Called Strike
1-2: Ball
2-2: Foul Ball, location: 2F
2-2: Foul Ball, location: 2F
2-2: Foul Ball, location: 2F
2-2: Ground out 4-3 (Groundball, 4, EV 100.6 MPH)
Bob Hayes scores
Manny Thompson to third
Batting: LHB Luke Coulter 0-0: Called Strike
0-1: SINGLE (Groundball, 4S, EV 95.6 MPH)
Manny Thompson scores
Batting: RHB Ray Insley 0-0: Fly out, F9 (Flyball, 8RS, EV 83.1 MPH)
Batting: LHB Michael Krott 0-0: Reached on error, E5 (Groundball, 5, EV 83.8 MPH)
Luke Coulter to second
Batting: RHB John Corfield 0-0: Called Strike
0-1: Ball
1-1: Called Strike
1-2: Strikes out looking
Top of the 4th over - 4 runs, 3 hits, 2 errors, 2 left on base; Colorado 7 - Kelowna 1
BOTTOM OF THE 4TH
Kelowna Heat batting - Pitching for Colorado Avalanche : RHP Lorenzo Pacheco
Batting: RHB Harry Dickson 0-0: Foul Ball, location: 2F
0-1: Swinging Strike
0-2: Ball
1-2: Ball
2-2: Strikes out swinging
Batting: RHB Zach Maguire 0-0: Called Strike
0-1: Foul Ball, location: 2F
0-2: Ground out 5-3 (Groundball, 56S, EV 81.2 MPH)
Batting: RHB Josh Truell 0-0: Ball
1-0: Called Strike
1-1: Swinging Strike
1-2: Foul Ball, location: 2F
1-2: Ball
2-2: Foul Ball, location: 2F
2-2: Ball
3-2: Ground out 6-3 (Groundball, P, EV 87.5 MPH)
Bottom of the 4th over - 0 runs, 0 hits, 0 errors, 0 left on base; Colorado 7 - Kelowna 1
TOP OF THE 5TH
Colorado Avalanche batting - Pitching for Kelowna Heat : RHP Wally Dethridge
Batting: LHB Paul McClintock 0-0: Ball
1-0: Swinging Strike
1-1: Ball
2-1: Fly out, F5 (Popup, 5L, EV 78.8 MPH)
Batting: RHB Mike McElroy 0-0: Called Strike
0-1: Ball
1-1: Ground out 6-3 (Groundball, 6D, EV 101.2 MPH)
Batting: RHB Bob Hayes 0-0: Swinging Strike
0-1: Ball
1-1: Called Strike
1-2: Fly out, F3 (Line Drive, 3, EV 73.8 MPH)
Top of the 5th over - 0 runs, 0 hits, 0 errors, 0 left on base; Colorado 7 - Kelowna 1
BOTTOM OF THE 5TH
Kelowna Heat batting - Pitching for Colorado Avalanche : RHP Lorenzo Pacheco
Batting: LHB Steve Nevis 0-0: Foul Ball, location: 2F
0-1: Ball
1-1: Ball
2-1: Swinging Strike
2-2: Strikes out swinging
Pitching: RHP Josh Blaschke
Batting: LHB Mason Duffy 0-0: Ball
1-0: Ball
2-0: Ball
3-0: Base on Balls
Batting: RHB Malik Sharpless 0-0: Ball
1-0: Foul Ball, location: 2F
1-1: Ball
2-1: Called Strike
Mason Duffy steals 2nd base
2-2: Fly out, F4 (Popup, 4MD, EV 55.6 MPH)
Batting: RHB Troy Trice 0-0: Ball
1-0: Ball
2-0: Foul Ball, location: 2F
2-1: Ball
3-1: Fly out, F7 (Line Drive, 7, EV 85.6 MPH)
Bottom of the 5th over - 0 runs, 0 hits, 0 errors, 1 left on base; Colorado 7 - Kelowna 1
TOP OF THE 6TH
Colorado Avalanche batting - Pitching for Kelowna Heat : RHP Wally Dethridge
Batting: RHB Manny Thompson 0-0: Foul Ball, location: 2F
0-1: Foul Ball, location: 2F
0-2: Strikes out swinging
Batting: SHB Jamie Mims 0-0: Ball
1-0: SINGLE (Line Drive, 8LS, EV 88.1 MPH)
Batting: LHB Luke Coulter 0-0: SINGLE (Groundball, 4M, EV 107.5 MPH) (infield hit)
Jamie Mims to second
Batting: RHB Ray Insley 0-0: Fly out, F8 (Flyball, 8RM, EV 95.6 MPH)
Batting: LHB Michael Krott 0-0: Ball
1-0: Foul Ball, location: 2F
1-1: Ball
2-1: Foul Ball, location: 2F
2-2: Ground out U3 (Groundball, 3, EV 89.4 MPH)
Top of the 6th over - 0 runs, 2 hits, 0 errors, 2 left on base; Colorado 7 - Kelowna 1
BOTTOM OF THE 6TH
Kelowna Heat batting - Pitching for Colorado Avalanche : RHP Josh Blaschke
Batting: RHB Coen Dirks 0-0: Ball
1-0: Ball
2-0: Ball
3-0: Called Strike
3-1: Foul Ball, location: 2F
3-2: Foul Ball, location: 2F
3-2: Foul Ball, location: 2F
3-2: Ground out 6-3 (Groundball, 6S, EV 84.4 MPH)
Batting: RHB Billy Pranger 0-0: Ground out 6-3 (Groundball, 6, EV 103.1 MPH)
Batting: RHB Harry Dickson 0-0: Ball
1-0: Ball
2-0: Foul Ball, location: 2F
2-1: Foul Ball, location: 2F
2-2: Fly out, F8 (Flyball, 8RM, EV 87.5 MPH)
Bottom of the 6th over - 0 runs, 0 hits, 0 errors, 0 left on base; Colorado 7 - Kelowna 1
TOP OF THE 7TH
Colorado Avalanche batting - Pitching for Kelowna Heat : RHP Wally Dethridge
Batting: RHB John Corfield 0-0: Called Strike
0-1: Swinging Strike
0-2: Ball
1-2: Ball
2-2: Ball
3-2: Foul Ball, location: 2F
3-2: Base on Balls
Batting: LHB Paul McClintock 0-0: Ball
1-0: Ball
2-0: Swinging Strike
2-1: Called Strike
2-2: Strikes out swinging
Batting: RHB Mike McElroy 0-0: Called Strike
0-1: Ball
1-1: Ball
2-1: Ball
3-1: Foul Ball, location: 2F
3-2: Base on Balls
John Corfield to second
Pitching: LHP Jeff Briggs
Batting: RHB Bob Hayes 0-0: Called Strike
0-1: Grounds into double play, 4-6-3 (Groundball, 4, EV 88.1 MPH)
Top of the 7th over - 0 runs, 0 hits, 0 errors, 1 left on base; Colorado 7 - Kelowna 1
BOTTOM OF THE 7TH
Kelowna Heat batting - Pitching for Colorado Avalanche : RHP Josh Blaschke
Batting: RHB Zach Maguire 0-0: Swinging Strike
0-1: Ball
1-1: Ground out 3-1 (Groundball, 34, EV 105.0 MPH)
Batting: RHB Josh Truell 0-0: Called Strike
0-1: Ball
1-1: Ball
2-1: Ball
3-1: Foul Ball, location: 2F
3-2: Fly out, F8 (Line Drive, 8RD, EV 98.1 MPH)
Batting: LHB Steve Nevis 0-0: Ball
1-0: Ground out 6-3 (Groundball, 6, EV 89.4 MPH)
Bottom of the 7th over - 0 runs, 0 hits, 0 errors, 0 left on base; Colorado 7 - Kelowna 1
TOP OF THE 8TH
Colorado Avalanche batting - Pitching for Kelowna Heat : LHP Jeff Briggs
Batting: RHB Manny Thompson 0-0: Called Strike
0-1: Ball
1-1: Swinging Strike
1-2: Ball
2-2: Foul Ball, location: 2F
2-2: Ball
3-2: Foul Ball, location: 2F
3-2: Base on Balls
Batting: SHB Jamie Mims 0-0: Ball
1-0: Swinging Strike
1-1: Foul Ball, location: 2F
1-2: 2-RUN HOME RUN (Line Drive, 7D, EV 100.0 MPH), Distance : 396 ft
Batting: LHB Luke Coulter 0-0: Called Strike
0-1: Ball
1-1: Fly out, F8 (Flyball, 8LD, EV 78.1 MPH)
Batting: RHB Ray Insley 0-0: Called Strike
0-1: Swinging Strike
0-2: Strikes out swinging
Pitching: RHP Kevin Spencer
Batting: LHB Michael Krott 0-0: Ball
1-0: Swinging Strike
1-1: Called Strike
1-2: Fly out, F8 (Flyball, 8LD, EV 92.5 MPH)
Top of the 8th over - 2 runs, 1 hit, 0 errors, 0 left on base; Colorado 9 - Kelowna 1
BOTTOM OF THE 8TH
Kelowna Heat batting - Pitching for Colorado Avalanche : RHP Josh Blaschke
Pitching: RHP Bobby Servin
Batting: LHB Mason Duffy 0-0: SOLO HOME RUN (Flyball, 89XD, EV 110.0 MPH), Distance : 424 ft
Batting: RHB Malik Sharpless 0-0: Foul Ball, location: 2F
0-1: Ball
1-1: Foul Ball, location: 2F
1-2: Ball
2-2: Fly out, F9 (Flyball, 9D, EV 96.9 MPH)
Batting: RHB Troy Trice 0-0: Ball
1-0: Ball
2-0: Ball
3-0: Called Strike
3-1: Base on Balls
Batting: RHB Coen Dirks 0-0: Fielders Choice at 2nd, 5-4 (Groundball, 5L, EV 104.4 MPH)
Batting: RHB Billy Pranger 0-0: Ball
1-0: Foul Ball, location: 2F
1-1: Swinging Strike
1-2: Fly out, F8 (Flyball, 8LD, EV 96.9 MPH)
Bottom of the 8th over - 1 run, 1 hit, 0 errors, 1 left on base; Colorado 9 - Kelowna 2
TOP OF THE 9TH
Colorado Avalanche batting - Pitching for Kelowna Heat : RHP Kevin Spencer
Pinch Hitting: RHB Justin Garrett 0-0: Swinging Strike
0-1: Called Strike
0-2: Ball
1-2: SINGLE (Flyball, 8LS, EV 93.1 MPH)
Pinch Hitting: RHB Andy Rayer 0-0: Called Strike
0-1: Foul Ball, location: 2F
0-2: Fly out, F9 (Flyball, 9, EV 90.6 MPH)
Batting: RHB Mike McElroy 0-0: Called Strike
0-1: Foul Ball, location: 2F
0-2: Ball
Passed Ball!
Justin Garrett to second
1-2: Strikes out swinging
Batting: RHB Bob Hayes 0-0: Ball
1-0: Called Strike
1-1: Called Strike
1-2: SINGLE (Flyball, 8RS, EV 93.1 MPH)
Justin Garrett to third
Runner from 3rd tries for Home, SAFE, throw by CF to home
Pitching: RHP Mike Flynn
Batting: RHB Manny Thompson 0-0: Ball
1-0: Ball
2-0: Called Strike
2-1: Called Strike
2-2: Strikes out swinging
Top of the 9th over - 1 run, 2 hits, 0 errors, 1 left on base; Colorado 10 - Kelowna 2
BOTTOM OF THE 9TH
Kelowna Heat batting - Pitching for Colorado Avalanche : RHP Bobby Servin
Now at 1B: T.J. Williams
Now at 2B: Andy Rayer
Batting: RHB Harry Dickson 0-0: Called Strike
0-1: Ball
1-1: Ground out 5-3 (Groundball, 56, EV 102.5 MPH)
Batting: RHB Zach Maguire 0-0: Ball
1-0: Ball
2-0: Called Strike
2-1: Foul Ball, location: 2F
2-2: Foul Ball, location: 2F
2-2: SINGLE (Line Drive, 9S, EV 90.0 MPH)
Batting: RHB Josh Truell 0-0: Called Strike
0-1: Swinging Strike
0-2: Strikes out swinging
Batting: LHB Steve Nevis 0-0: Fly out, F6 (Popup, 6M, EV 58.8 MPH)
Bottom of the 9th over - 0 runs, 1 hit, 0 errors, 1 left on base; Colorado 10 - Kelowna 2
Wednesday, June 22nd , 2022 - OOTP Baseball 23.4 Build 64